 Dungeon Crawl Stone Soup version 0.31.0-12-g77e489cdc1 (webtiles) character file.

Game seed: 1161725554274586264

889 hawla the Ducker (level 7, -7/35 HPs)
             Began as a Felid Shapeshifter on Feb 11, 2024.
             Mangled by a black bear (11 damage)
             ... on level 5 of the Dungeon.
             The game lasted 00:09:35 (4156 turns).

hawla the Ducker (Felid Shapeshifter)               Turns: 4156, Time: 00:09:35

Health: -7/35      AC:  2    Str: 12    XL:     7   Next: 77%
Magic:  17/17      EV: 20    Int: 13    God:
Gold:   267        SH:  0    Dex: 16    Spells: 6/6 levels left
                                        Lives:  0   Deaths: 3

rFire   . .          .
                       - Unarmed
rCold   . . .        (shield unavailable)
rNeg    . . .        (body armour unavailable)
rPois   .            (helmet unavailable)
rElec   .            (cloak unavailable)
rCorr   .            (gloves unavailable)
SInv    +            (boots unavailable)
Will    ++...        (no amulet)
Stlth   ++           d - ring of willpower
HPRegen 0.25/turn    q - ring of magical power
MPRegen 0.15/turn

%: no passive effects
@: beast-form, studying Shapeshifting
A: beast (slay +3), very small, claws 1, fangs 3, see invisible, shaggy fur 2,
stealthy paws, no weapons or thrown items, no armour, multi-lived
a: Begin Untransformation


You were on level 5 of the Dungeon.
You were a hulking beast.
You visited 2 branches of the dungeon, and saw 6 of its levels.
You also visited: Ossuary.

You collected 289 gold pieces.
You spent 22 gold pieces at shops.

Inventory:

Jewellery
 d - a ring of willpower (left paw)
 q - a ring of magical power (right paw)
 u - a +4 ring of protection
 v - a +6 ring of dexterity
Talismans
 b - a beast talisman
 c - a flux talisman
 t - a maw talisman
Wands
 s - a wand of digging (5)
Scrolls
 e - a scroll of immolation
 h - a scroll of enchant armour {unknown}
 n - 5 scrolls of teleportation
 p - a scroll of vulnerability
 r - a scroll of poison
 y - a scroll of revelation
Potions
 a - 2 potions of lignification
 f - 4 potions of curing
 g - a potion of ambrosia
 i - a potion of enlightenment
 j - 4 potions of heal wounds
 k - a potion of attraction
 m - a potion of brilliance {unknown}
 o - 3 potions of might {unknown}


   Skills:
 - Level 2.0 Fighting
 - Level 6.0 Dodging
 - Level 3.0 Stealth
 - Level 3.3 Unarmed Combat
 - Level 6.0 Evocations
 + Level 5.6 Shapeshifting


You had 6 spell levels left.
You didn't know any spells.
Your spell library contained the following spells:

 Spells                   Type           Power      Damage    Failure   Level
 Blink                    Tloc           0%         N/A       43%         2
 Lesser Beckoning         Tloc           0%         N/A       43%         2
 Momentum Strike          Conj/Tloc      0%         3d8       43%         2
 Sculpt Simulacrum        Ice/Alch       0%         N/A       100%        6
 Ozocubu's Refrigeration  Ice            0%         4d7       100%        7
 Polar Vortex             Ice            0%         N/A       100%        9


Dungeon Overview and Level Annotations

Branches:
Dungeon (5/15)             Temple (1/1) D:5         Ossuary (visited)

Altars:
Ashenzari
Cheibriados
Dithmenos
Elyvilon
Fedhas
Gozag
Hepliaklqana
Nemelex Xobeh
Okawaru
Ru
Sif Muna
Trog
Uskayaw
Vehumet
Wu Jian
Yredelemnul
Zin
The Shining One

Shops:
D:3 *   D:5 *


Innate Abilities, Weirdness & Mutations

You are a hulking beast.
Your limbs bulge with bestial killing power. (Slay +3)
You have sharp claws.
You have razor-sharp teeth.
You have supernaturally acute eyesight. (SInv)
You are covered in thick fur. (AC +2)
Your paws help you pounce on unaware monsters.
You are incapable of wielding weapons or throwing items.
You cannot wear armour.
You gain extra lives every three experience levels.


Message History

The gnoll misses you.
You claw the gnoll!
You kill the gnoll!
You claw the gnoll!
The gnoll is severely wounded.
The gnoll misses you.
The gnoll sergeant hits you from afar with a +0 spear.
You claw the gnoll!
You kill the gnoll!
The gnoll sergeant hits you from afar with a +0 spear!
You are too injured to fight recklessly!
You are too injured to fight recklessly!
You are too injured to fight recklessly!
Unknown command.
You claw the black bear! You bite the black bear.
The black bear is heavily wounded.
The gnoll sergeant barely misses you. The black bear completely misses you.
The black bear barely misses you. The black bear misses you.
You scratch the black bear.
The black bear is heavily wounded.
The gnoll sergeant hits you from afar with a +0 spear.
The black bear bites you but does no damage.
The black bear misses you. x2
You scratch the black bear. Your bite misses the black bear.
The black bear is severely wounded.
The gnoll sergeant completely misses you.
The black bear goes berserk!
You scratch the black bear. You bite the black bear.
The black bear is almost dead.
The black bear bites you.
* * * LOW HITPOINT WARNING * * *
The black bear barely misses you. The black bear claws you.
* * * LOW HITPOINT WARNING * * *
The gnoll sergeant completely misses you.
The black bear closely misses you. The black bear completely misses you.
The black bear closely misses you.
You closely miss the black bear.
The black bear is almost dead.
The black bear bites you!
You die...

..............# ...#
#............##∩.⌠.∩#
#.........<..# .....# .
............## ∩...∩# ..
.........)..####...##...
...........##.........<.
##........##..?.........
##..........#..........
###......##...h)......
###..####...h)g.....
#...## #...........
...## #............ ...#
#............ ...
#............ ..
#......###### ########


You could see a black bear (berserk) and a gnoll sergeant.

Vanquished Creatures
  Sigmund (D:3)
  Edmund (D:4)
  An ogre (D:4)
  An ice beast (D:4)
  A scorpion (D:5)
  2 wights (Ossuary)
  A burial acolyte (Ossuary)
  A hound (D:4)
  An iguana (D:5)
  A mummy (Ossuary)
  5 gnolls
  2 adders
  4 dart slugs
  2 ribbon worms (D:2)
  An orc (D:5)
  5 ball pythons
  7 endoplasms
  3 giant cockroaches
  8 goblins
  6 hobgoblins
  2 quokkas (D:1)
  7 bats
  2 frilled lizards
  8 gnoll skeletons (Ossuary)
  5 kobolds
  6 kobold skeletons (Ossuary)
  6 orc skeletons (Ossuary)
  6 rats
96 creatures vanquished.

Notes
Turn   | Place    | Note
-------+----------+-------------------------------------------
     0 | D:1      | hawla the Felid Shapeshifter began the quest for the Orb.
     0 | D:1      | Reached XP level 1. HP: 10/10 MP: 2/2
   163 | D:1      | Reached XP level 2. HP: 14/14 MP: 3/3
   394 | D:1      | Frozen to death by an endoplasm
   394 | D:1      | Lost a life (0 lives remaining)
   682 | D:2      | Reached XP level 3. HP: 12/18 MP: 4/4
  1126 | D:2      | Reached skill level 1 in Stealth
  1693 | D:3      | Reached XP level 4. HP: 10/23 MP: 5/5
  1693 | D:3      | Gained a life (1 life remaining)
  1957 | D:3      | Found Koxuzxov's General Store.
  1979 | D:3      | Bought a scroll of identify for 22 gold pieces
  2078 | D:3      | Noticed Sigmund
  2081 | D:3      | Killed Sigmund
  2082 | D:3      | Reached skill level 5 in Dodging
  2082 | D:3      | Reached XP level 5. HP: 23/26 MP: 6/6
  2311 | D:4      | Found Cifometuni's Magic Scroll Shoppe.
  2379 | D:4      | Noticed an ogre
  2385 | D:4      | Killed an ogre
  2386 | D:4      | Gained mutation: You are covered in thick fur. (AC +2)
                  | [Felid growth]
  2386 | D:4      | Reached XP level 6. HP: 16/30 MP: 7/7
  2690 | D:4      | Noticed Edmund
  2708 | D:4      | Killed Edmund
  2915 | D:4      | Found a basalt altar of Yredelemnul.
  2987 | D:4      | Found a bloodstained altar of Trog.
  2988 | D:4      | Found a broken altar of Ashenzari.
  3033 | D:4      | Noticed an ice beast
  3045 | D:4      | Killed an ice beast
  3046 | D:4      | Reached skill level 5 in Evocations
  3046 | D:4      | Reached XP level 7. HP: 35/35 MP: 8/8
  3046 | D:4      | Gained a life (2 lives remaining)
  3130 | D:5      | Entered Level 5 of the Dungeon
  3131 | D:5      | Identified a scroll of acquirement
  3131 | D:5      | Acquired a manual of Shapeshifting
  3134 | D:5      | Found a sand-covered staircase.
  3150 | Ossuary  | Entered an ossuary
  3424 | Ossuary  | Slain by a wight
  3424 | Ossuary  | Lost a life (1 life remaining)
  3439 | Ossuary  | Slain by a wight
  3439 | Ossuary  | Lost a life (0 lives remaining)
  3714 | D:5      | Found a staircase to the Ecumenical Temple.
  3732 | Temple   | Entered the Ecumenical Temple
  3921 | D:5      | Reached skill level 5 in Shapeshifting
  4058 | D:5      | Found Boguy's CLEARANCE SALE!.
  4156 | D:5      | Mangled by a black bear

Illustrated notes

Levels and vault maps discovered:
D:1:      heliophobic_arrival_dark_side_of_the_moon, layout_basic,
          serial_bayou_ford_a, minivault_26, minmay_tree_intersection,
          nicolae_figureground_sparkle
D:2:      layout_basic, chequers_big_river, dreamdust_princess_corridor
D:3:      layout_basic, serial_shops, nicolae_shop_tiny_waterfront,
          serial_curves, eino_curves_02, eino_curves_02, eino_curves_03,
          minmay_misc_feat_square, minmay_misc_feat_pillars,
          kennysheep_nondescript, uniq_sigmund
D:4:      layout_loops_ring, mainiacjoe_overflow_divided_tiny,
          mainiacjoe_overflow_alcove_1, serial_shops, nicolae_shop_rolled_up,
          uniq_edmund
D:5:      layout_cave_pods, minmay_temple_entry_stoned_glass,
          lightli_ossuary_entry_decrepit_ruins, kennysheep_minor_cross,
          nicolae_shop_clearance, uniq_pikel
Temple:   regret_index_temple_generic_petals

Skill      XL: |  1  2  3  4  5  6  7 |
---------------+----------------------+-----
Dodging        | 3 5 6 |  6.0
Shapeshifting  | 3 5 |  5.6
Fighting       | 2 |  2.0
Stealth        | 2 3 |  3.0
Evocations     | 2 3 5 6 |  6.0
Unarmed Combat | |  3.3

Action                     |  1- 3 |  4- 6 |  7- 9 || total
---------------------------+-------+-------+-------++-------
  Melee: Unarmed           |    97 |    61 |   114 ||   272
         Bite              |     9 |     8 |    15 ||    32
         Punch             |     2 |     4 |     3 ||     9
    Use: Scroll            |     3 |     5 |    10 ||    18
         Potion            |       |       |     1 ||     1
   Stab: Sleeping          |     4 |     8 |     2 ||    14
         Distracted        |     1 |       |       ||     1
 Armour: Skin              |    27 |    12 |    39 ||    78
  Dodge: Dodged            |    88 |    39 |    93 ||   220
